 Dungeon Crawl Stone Soup version 0.23.2-30-g0e89c35649 (webtiles) character file.

Game seed: 3566077058488012579

497 CheeseeCupcake the Sneak (level 7, 0/44 HPs)
             Began as a Kobold Hunter on June 8, 2019.
             Slain by an ice beast (9 damage)
             ... on level 4 of the Dungeon.
             The game lasted 00:18:33 (5035 turns).

CheeseeCupcake the Sneak (Kobold Hunter)            Turns: 5035, Time: 00:18:34

Health: 0/44       AC:  3    Str: 10    XL:     7   Next: 38%
Magic:  7/7        EV: 18    Int: 13    God:
Gold:   189        SH:  0    Dex: 20    Spells: 6/6 levels left

rFire    . . .     SeeInvis .   b - +1 dagger (venom)
rCold    . . .     Gourm    .   (shield restricted)
rNeg     . . .     Faith    .   c - +0 leather armour
rPois    .         Spirit   .   (no helmet)
rElec    .         Reflect  .   (no cloak)
rCorr    .         Harm     .   (no gloves)
MR       .....                  (no boots)
Stlth    +++.......             (no amulet)
HPRegen  0.14/turn              i - ring of flight
MPRegen  0.10/turn              j - +4 ring of dexterity

@: no status effects
A: small, carnivore
a: Evoke Flight


You were on level 4 of the Dungeon.
You were not hungry.

You visited 1 branch of the dungeon, and saw 5 of its levels.

You collected 189 gold pieces.

Inventory:

Hand Weapons
 a - a +1 hunting sling
 b - a +1 dagger of venom (weapon)
Missiles
 d - 9 sling bullets
 k - 82 stones (quivered)
Armour
 c - a +0 leather armour (worn)
Jewellery
 i - a ring of flight (left hand)
 j - a +4 ring of dexterity (right hand)
Wands
 p - a wand of flame (4)
 z - a wand of disintegration (11)
Scrolls
 e - 3 scrolls of identify
 h - a scroll of amnesia {unknown}
 l - 2 scrolls of remove curse {unknown}
 s - a scroll of fog {unknown}
 u - a scroll of random uselessness {unknown}
 v - a scroll of enchant armour {unknown}
 w - a scroll of magic mapping {unknown}
 x - 2 scrolls of teleportation {unknown}
 y - a scroll of noise {unknown}
Potions
 g - a potion of resistance
 m - a potion of curing {unknown}
 n - a potion of invisibility {unknown}
 o - a potion of lignification {unknown}
 q - a potion of agility {unknown}
 r - 2 potions of cancellation
 t - a potion of might {unknown}
Comestibles
 f - 3 rations


   Skills:
 - Level 5.0 Fighting
 - Level 0.4 Short Blades
 - Level 4.0 Slings
 * Level 5.3 Dodging
 * Level 6.3 Stealth


You had 6 spell levels left.
You didn't know any spells.
Your spell library was empty.

Dungeon Overview and Level Annotations

Branches:
Dungeon (5/15)
 Temple: D:4-7

Altars:
Ru


Innate Abilities, Weirdness & Mutations

You are small and have problems with some larger weapons.
You are carnivorous and can eat meat at any time.


Message History

You hit the ice beast but do no damage.
The ice beast is heavily wounded.
The ice beast closely misses you.
The crimson imp blinks!
You hit the ice beast but do no damage.
The ice beast is poisoned.
The ice beast is heavily wounded.
The ice beast closely misses you.
You hit the ice beast.
The ice beast is heavily wounded.
The ice beast completely misses you.
The crimson imp disappears for a moment.
You hit the ice beast.
The ice beast looks as sick as possible!
The ice beast is heavily wounded.
The ice beast closely misses you.
You hit the ice beast but do no damage.
The ice beast is severely wounded.
The ice beast hits you.
* * * LOW HITPOINT WARNING * * *
The ice beast freezes you!
You die...

.........# ##.##.#
.........# #.##.#
.......### #..#.#
.......# ##.#.#
.......# #...#
.......# ##..#
.......# #..# .......#
#####Y.### ########
#....)@..# #
#........# #
#........#
###########........#
##........#...5....#
.'........'........#
##........#........###
##........#.#....#...#
...)......#.#.##.#.#.#


You could see an ice beast and a crimson imp.

Vanquished Creatures
  An ogre (D:4)
  A water moccasin skeleton (D:4)
  A hound (D:5)
  An orc wizard (D:5)
  A bullfrog skeleton (D:4)
  Jessica (D:3)
  2 worker ants (D:4)
  4 gnolls (D:2)
  2 howler monkey skeletons (D:4)
  5 adders
  2 oozes
  An adder zombie (D:5)
  2 worms (D:3)
  5 dart slugs
  3 leopard geckos
  8 orcs
  6 bats
  4 giant cockroaches
  3 goblins
  7 hobgoblins
  3 jackals (D:4)
  3 quokkas
  2 ball pythons
  7 frilled lizards
  6 kobolds
  A rat (D:2)
82 creatures vanquished.

Notes
Turn   | Place    | Note
-------+----------+-------------------------------------------
     0 | D:1      | CheeseeCupcake the Kobold Hunter began the quest for the
                  | Orb.
     0 | D:1      | Reached XP level 1. HP: 12/12 MP: 1/1
    59 | D:1      | Reached skill level 2 in Stealth
   294 | D:1      | Reached XP level 2. HP: 15/18 MP: 2/2
   951 | D:1      | Reached XP level 3. HP: 20/22 MP: 3/3
  1585 | D:2      | Reached skill level 3 in Stealth
  2241 | D:2      | Reached XP level 4. HP: 28/28 MP: 4/4
  2388 | D:2      | Found a sacrificial altar of Ru.
  2400 | D:2      | Reached XP level 5. HP: 32/32 MP: 5/5
  2748 | D:3      | Reached skill level 4 in Stealth
  2821 | D:3      | Noticed Jessica
  2837 | D:3      | Killed Jessica
  3272 | D:5      | Entered Level 5 of the Dungeon
  3337 | D:4      | Reached XP level 6. HP: 38/38 MP: 6/6
  3403 | D:4      | HP: 1/38 [orc/+0 morningstar (12)]
  3618 | D:4      | Reached skill level 5 in Stealth
  4113 | D:4      | Reached skill level 5 in Fighting
  4245 | D:5      | Noticed an ice beast
  4257 | D:5      | Reached XP level 7. HP: 39/44 MP: 7/7
  4423 | D:5      | Reached skill level 5 in Dodging
  4735 | D:4      | Reached skill level 6 in Stealth
  5035 | D:4      | Slain by an ice beast

Skill      XL: |  1  2  3  4  5  6  7 |
---------------+----------------------+-----
Stealth        | 2 3 4 5 6 |  6.3
Dodging        | 3 4 5 |  5.3
Fighting       | 3 4 5 |  5.0
Short Blades   | |  0.4
Slings         | |  4.0

Action                   |  1- 3 |  4- 6 |  7- 9 || total
-------------------------+-------+-------+-------++-------
Melee: Short sword       |    20 |       |       ||    20
       Dagger            |       |    13 |    24 ||    37
 Fire: Hunting sling     |    89 |   150 |    31 ||   270
  Use: Scroll            |       |     4 |       ||     4
       Potion            |       |     2 |       ||     2
 Stab: Sleeping          |     1 |     1 |       ||     2
  Eat: Chunk             |     5 |     5 |     4 ||    14
Armor: Leather armour    |    11 |     6 |     1 ||    18
Dodge: Dodged            |    33 |    55 |    41 ||   129
